 Dungeon Crawl Stone Soup version 0.21.0 (webtiles) character file.

56 tidbits the Sneak (level 3, -4/14 HPs)
             Began as a Felid Air Elementalist on Jan 7, 2018.
             Was an Initiate of Ashenzari.
             Killed from afar by Sigmund (8 damage)
             ... with a magic dart
             ... on level 3 of the Dungeon.
             The game lasted 00:08:43 (1263 turns).

tidbits the Sneak (Felid Air Elementalist)          Turns: 1263, Time: 00:08:44

Health: -4/14      AC:  1    Str: 10    XL:     3   Next: 69%
Magic:  1/7        EV: 18    Int: 16    God:    Ashenzari [......]
Gold:   118        SH:  0    Dex: 16    Spells: 5/6 levels left
                                        Lives:  0   Deaths: 0

rFire    . . .     SeeInvis +     - Unarmed
rCold    . . .     Gourm    .   (shield unavailable)
rNeg     . . .     Faith    .   (armour unavailable)
rPois    .         Spirit   .   (helmet unavailable)
rElec    .         Reflect  .   (cloak unavailable)
rCorr    .         Harm     .   (gloves unavailable)
MR       .....                  (boots unavailable)
Stlth    +++.......             (no amulet)
HPRegen  0.04/turn              (no ring)
MPRegen  0.10/turn              (no ring)

@: mighty, very slightly contaminated, quick
A: very small, no armour, no weapons or thrown items, stealth, claws 1, fangs 3,
see invisible, carnivore, speed 1, shaggy fur 1, slow metabolism 1, sharp paws
a: Curse Item, Renounce Religion


You were on level 3 of the Dungeon.
You worshipped Ashenzari.
Ashenzari was noncommittal.
You were full.

You visited 1 branch of the dungeon, and saw 3 of its levels.

You collected 118 gold pieces.

Inventory:

Scrolls
 d - a scroll of blinking
 e - a scroll of magic mapping {unknown}
 g - a scroll of fog {unknown}
 h - a scroll of amnesia
 j - a scroll of identify {unknown}
 k - a scroll of fear
 m - a scroll of teleportation {unknown}
 r - 4 scrolls of remove curse
Potions
 i - a potion of flight
 l - a potion of curing
Books
 a - a book of Air

   Spells                             Type                      Level
   a - Shock                          Conjuration/Air              1
   b - Swiftness                      Charms/Air                   2
   c - Static Discharge               Conjuration/Air              3
   d - Airstrike                      Air                          4
   e - Lightning Bolt                 Conjuration/Air              5
Comestibles
 b - 2 rations


   Skills:
 - Level 2.6 Dodging
 - Level 3.9 Stealth
 - Level 1.6 Unarmed Combat
 - Level 2.0 Spellcasting
 + Level 1.5 Conjurations
 + Level 3.0 Air Magic


You had 5 spell levels left.
You knew the following spells:

 Your Spells              Type           Power        Failure   Level  Hunger
a - Shock                 Conj/Air       #...         8%          1    #......


Dungeon Overview and Level Annotations

Branches:
Dungeon (3/15)

Altars:
Ashenzari
Dithmenos

Annotations:
D:3 Jessica, Sigmund


Innate Abilities, Weirdness & Mutations

You cannot wear armour.
You are incapable of wielding weapons or throwing items.
Your paws allow you to move quietly. (Stealth)
You have sharp claws.
You have razor-sharp teeth.
You have supernaturally acute eyesight. (SInv)
You are carnivorous and can eat meat at any time.
You cover ground quickly.
You are covered in fur. (AC +1)
You have a slow metabolism.
Your sharp claws are effective at attacking unaware monsters.


Message History

Casting: Shock
Confirm with . or Enter, or press ? or * to list all spells.
Aiming: Shock
Press: ? - help, Shift-Dir - straight line, f/p - adder
Aim: an adder (moderately wounded)
The zap hits Sigmund.
Sigmund is moderately wounded.
The zap hits the adder.
The adder is severely wounded.
Sigmund hits you from afar with a scythe.
Casting: Shock
Confirm with . or Enter, or press ? or * to list all spells.
Aiming: Shock
Press: ? - help, Shift-Dir - straight line, f/p - adder
Aim: an adder (severely wounded)
The zap hits Sigmund.
Sigmund is moderately wounded.
The zap misses the adder.
Sigmund hits you but does no damage.
Casting: Shock
Confirm with . or Enter, or press ? or * to list all spells.
Aiming: Shock
Press: ? - help, Shift-Dir - straight line, f/p - adder
Aim: an adder (severely wounded)
The zap hits Sigmund.
Sigmund is heavily wounded.
The zap hits the adder.
The adder is almost dead.
Okay, then.
You feel better.
Sigmund hits you from afar with a scythe.
Casting: Shock
Confirm with . or Enter, or press ? or * to list all spells.
Aiming: Shock
Press: ? - help, Shift-Dir - straight line, f/p - adder
Aim: an adder (almost dead)
The zap hits Sigmund.
Sigmund is severely wounded.
The zap misses the adder.
Sigmund hits you but does no damage.
You aren't carrying any items that you can evoke.
Unknown command.
Okay, then.
Casting: Shock
Confirm with . or Enter, or press ? or * to list all spells.
Okay, then.
Sigmund hits you but does no damage. Sigmund barely misses you.
Sigmund gestures at you while chanting. The puff of flame hits you!
Sigmund points at you and mumbles some strange words.
You resist with some effort. Sigmund hits you but does no damage.
Sigmund barely misses you.
Casting: Shock
Confirm with . or Enter, or press ? or * to list all spells.
Aiming: Shock
Press: ? - help, Shift-Dir - straight line, f/p - adder
Aim: an adder (almost dead)
The zap hits Sigmund.
Sigmund appears unharmed.
Sigmund is heavily wounded.
The zap hits the adder.
You kill the adder!
Sigmund gestures at you while chanting. You resist with some effort.
Sigmund hits you but does no damage. Sigmund hits you but does no damage.
Sigmund hits you but does no damage. Sigmund hits you but does no damage.
Sigmund hits you from afar with a scythe.
Sigmund completely misses you.
Casting: Shock
Confirm with . or Enter, or press ? or * to list all spells.
Aiming: Shock
Press: ? - help, Shift-Dir - straight line, f - Sigmund
Aim: Sigmund, wielding a scythe and wearing a robe (heavily wounded, slightly transparent)
The zap hits Sigmund.
Sigmund is severely wounded.
Your transformation is almost over.
Sigmund barely misses you. Sigmund hits you but does no damage.
Sigmund completely misses you. Sigmund hits you but does no damage.
Sigmund giggles. "Time to reap what you sow."
Sigmund hits you but does no damage.
Sigmund hits you from afar with a scythe.
* * * LOW HITPOINT WARNING * * *
You feel less wooden. Sigmund completely misses you.
Sigmund completely misses you.
You scratch Sigmund.
Sigmund is severely wounded.
You closely miss Sigmund.
Sigmund is severely wounded.
Sigmund points at you and mumbles some strange words.
The puff of flame misses you.
You barely miss Sigmund. Your bite misses Sigmund.
Sigmund is severely wounded.
Sigmund gestures at you while chanting. The magic dart hits you!
Ouch! That really hurt!
You die...

# ..#.#
####.##.#.#
#..@......#
#.# #.# #.#
#†# #@#
#@######
#......#
######.#
#.# #.# #.#
#.# #<# ###


You could see Sigmund.

Vanquished Creatures
  2 adders (D:3)
  A dart slug (D:1)
  A leopard gecko (D:2)
  4 bats
  3 giant cockroaches (D:1)
  4 goblins
  5 hobgoblins
  5 kobolds
  A frilled lizard (D:1)
  4 rats
30 creatures vanquished.

Notes
Turn   | Place    | Note
-------+----------+-------------------------------------------
     0 | D:1      | tidbits the Felid Air Elementalist began the quest for the Orb.
     0 | D:1      | Reached XP level 1. HP: 7/7 MP: 4/4
    49 | D:1      | Reached skill level 3 in Stealth
   163 | D:1      | Reached skill level 1 in Unarmed Combat
   223 | D:1      | Reached XP level 2. HP: 11/11 MP: 6/6
   279 | D:1      | Found a shattered altar of Ashenzari.
   286 | D:1      | Became a worshipper of Ashenzari the Shackled
   623 | D:1      | Reached skill level 1 in Conjurations
   682 | D:2      | Reached XP level 3. HP: 14/14 MP: 7/7
   736 | D:3      | Noticed Jessica
   858 | D:2      | Found a shadowy altar of Dithmenos.
  1200 | D:3      | Reached skill level 3 in Air Magic
  1203 | D:3      | Noticed Sigmund
  1263 | D:3      | Killed from afar by Sigmund

Skill      XL: |  1  2  3 |
---------------+----------+-----
Stealth        | 3 |  3.9
Unarmed Combat | 1 |  1.6
Conjurations   | 1 |  1.5
Air Magic      | 3 |  3.0
Dodging        | |  2.6
Spellcasting   | |  2.0

Action                   || total
-------------------------++-------
Melee: Unarmed           ||    27
       Bite              ||     2
 Cast: Shock             ||    40
  Use: Potion            ||     5
       Scroll            ||     3
 Stab: Sleeping          ||     7
       Distracted        ||     1
  Eat: Chunk             ||     6
Armor: Skin              ||    21
Dodge: Dodged            ||    64

Table legend:
 A = Turns spent in this place as a percentage of turns spent in the entire game.
 B = Non-inter-level travel turns spent in this place as a percentage of non-inter-level travel turns spent in the entire game.
 C = Inter-level travel turns spent in this place as a percentage of turns spent in this place.
 D = Turns resting spent in this place as a percentage of non-inter-level travel turns spent in this place.
 E = Turns spent auto-exploring this place as a percentage of non-inter-level travel turns spent in this place.
 F = Non-inter-level travel turns spent in this place divided by the number of levels of this place that you've seen.
                   A       B       C       D       E      F
               +-------+-------+-------+-------+-------+----------------------
         Total | 100.0 | 100.0 |   0.0 |   0.0 |  12.0 | 421.0
       Dungeon | 100.0 | 100.0 |   0.0 |   0.0 |  12.0 | 421.0
               +-------+-------+-------+-------+-------+----------------------

Table legend:
 A = Kills in this place as a percentage of kills in entire the game.
 B = Kills by you in this place as a percentage of kills by you in the entire game.
 C = Kills by friends in this place as a percentage of kills by friends in the entire game.
 D = Other kills in this place as a percentage of other kills in the entire game.
 E = Experience gained in this place as a percentage of experience gained in the entire game.
 F = Experience gained in this place divided by the number of levels of this place that you have seen.
                   A       B       C       D       E      F
               +-------+-------+-------+-------+-------+----------------------
         Total | 100.0 | 100.0 |   N/A |   N/A | 100.0 |  26.7
       Dungeon | 100.0 | 100.0 |   N/A |   N/A | 100.0 |  26.7
               +-------+-------+-------+-------+-------+----------------------

Vault maps used:
D:1:      minmay_arrival_solitary_statue, evilmike_ruin_ashenzari
D:2:      nicolae_dithmenos_shadow_blocks
D:3:      lemuel_crystal_altar, corner_web_ring, minmay_cupped, uniq_jessica,
          uniq_sigmund
